 Dungeon Crawl Stone Soup version 0.30-a0-140-gd1020e658a (webtiles) character file.

Game seed: 15281323871465879532

16941 Casaw the Covert (level 12, -9/90 HPs)
             Began as a Spriggan Enchanter on Sept 24, 2022.
             Was a Follower of Dithmenos.
             Killed by divine providence
             ... invoked by a meliai
              (14 damage)
             ... on level 12 of the Dungeon.
             The game lasted 00:56:09 (21094 turns).

Casaw the Covert (Spriggan Enchanter)              Turns: 21094, Time: 00:56:11

Health: -9/90      AC:  4    Str:  8    XL:     12   Next: 14%
Magic:  35/37      EV: 22    Int: 23    God:    Dithmenos [*.....]
Gold:   746        SH:  0    Dex: 16    Spells: 18/34 levels left

rFire   . . .      SeeInvis +    q - +6 dagger (flame)
rCold   . . .      Faith    .    (no shield)
rNeg    . . .      Spirit   .    b - +0 robe
rPois   .          Reflect  .    (helmet restricted)
rElec   .          Harm     .    o - +1 cloak
rCorr   .          Rampage  .    (gloves unavailable)
Will    ++...                    (boots unavailable)
Stlth   ..........               (no amulet)
HPRegen 0.25/turn                y - +6 ring of intelligence
MPRegen 0.25/turn                w - ring of magical power

@: berserking, lethally poisoned (-9 -> -30), wreathed by umbra, studying
Shields, very quick
A: very small, no large weapons, unfitting armour, see invisible, speed 3
a: Renounce Religion


You were on level 12 of the Dungeon.
You worshipped Dithmenos.
Dithmenos was aware of your devotion.
You visited 2 branches of the dungeon, and saw 13 of its levels.
You also visited: Bailey.

You collected 746 gold pieces.

Inventory:

Hand Weapons
 a - a +2 dagger
 q - a +6 dagger of flaming (weapon)
 C - a +2 dagger of venom
Missiles
 x - a throwing net (quivered)
Armour
 b - a +0 robe (worn)
 d - a scarf of resistance
 o - a +1 cloak (worn)
Jewellery
 c - a ring of willpower
 p - a ring of positive energy
 s - a ring of fire
 w - a ring of magical power (right hand)
 y - a +6 ring of intelligence (left hand)
Wands
 e - a wand of paralysis (7)
 j - a wand of iceblast (1)
 r - a wand of mindburst (11)
 t - a wand of digging (1)
Scrolls
 g - 5 scrolls of fog
 l - 3 scrolls of amnesia
 m - 2 scrolls of teleportation
 u - a scroll of immolation
 v - 2 scrolls of blinking
Potions
 h - 2 potions of curing
 i - 3 potions of resistance
 k - 2 potions of cancellation
 n - 5 potions of brilliance
 z - 2 potions of berserk rage
 A - a potion of haste
 B - a potion of magic


   Skills:
 + Level 5.4 Fighting
 + Level 7.5 Short Blades
 + Level 9.1 Dodging
 + Level 14.5 Stealth
 + Level 11.9 Spellcasting
 + Level 12.1 Hexes


You had 18 spell levels left.
You knew the following spells:

 Your Spells              Type           Power      Damage    Failure   Level
a - Ensorcelled Hibernat  Hex/Ice        82%        N/A       1%          2
b - Tukima's Dance        Hex            62%        N/A       1%          3
c - Dazzling Flash        Conj/Hex       82%        N/A       1%          3
d - Confusing Touch       Hex            62%        N/A       1%          3
e - Summon Guardian Gole  Hex/Summ       41%        N/A       1%          3
f - Blink                 Tloc           26%        N/A       7%          2

Your spell library contained the following spells:

 Spells                   Type           Power      Damage    Failure   Level
 Passwall                 Tmut/Erth      10%        N/A       7%          2
 Static Discharge         Conj/Air       26%        2-4/arc   7%          2
 Metabolic Englaciation   Hex/Ice        20%        N/A       11%         5
 Lesser Beckoning         Tloc           13%        N/A       14%         3
 Airstrike                Air            6%         2d(1-17)  43%         4
 Manifold Assault         Tloc           13%        N/A       43%         4
 Petrify                  Tmut/Erth      13%        N/A       43%         4
 Summon Lightning Spire   Summ/Air       13%        N/A       43%         4
 Arcjolt                  Conj/Air       6%         1d16      78%         5
 Lightning Bolt           Conj/Air       6%         1d18      78%         5
 Discord                  Hex            31%        N/A       91%         8
 Conjure Ball Lightning   Conj/Air       6%         3x3d6     100%        6
 Iron Shot                Conj/Erth      6%         9d2       100%        6
 Statue Form              Tmut/Erth      8%         N/A       100%        6
 Orb of Destruction       Conj           6%         9d6       100%        7
 Spellforged Servitor     Conj/Summ      6%         N/A       100%        7
 Disjunction              Tloc           6%         N/A       100%        8
 Maxwell's Capacitive Co  Air            6%         ∞         100%        8


Dungeon Overview and Level Annotations

Branches:
Dungeon (12/15)            Temple (1/1) D:7            Lair (0/5) D:11
    Orc (0/2) D:9          Bailey (visited)

Altars:
Ashenzari
Cheibriados
Dithmenos
Elyvilon
Fedhas
Gozag
Hepliaklqana
Kikubaaqudgha
Makhleb
Nemelex Xobeh
Okawaru
Qazlal
Ru
Sif Muna
Trog
Uskayaw
Vehumet
Wu Jian
Xom
Yredelemnul
Zin
The Shining One

Shops:
D:9 [


Innate Abilities, Weirdness & Mutations

You are very small and have problems with some larger weapons.
You are too small for most types of armour.
You have supernaturally acute eyesight. (SInv)
You cover ground extremely quickly. (Speed+++)


Message History

You feel a bit more experienced.
Unknown command.
Unknown command.
Unknown command.
The meliai invokes the aid of its god against you.
Something smites you!
Casting: Tukima's Dance (safe; 1% risk of failure)
Confirm with . or Enter, or press ? or * to list all spells.
Aiming: Ensorcelled Hibernation (safe; 1% risk of failure)
Press: ? - help, Shift-Dir - straight line, f - meliai
Aim: a meliai, wielding a +0 hand axe and wearing a +0 leather armour (umbra, chance to affect: 67%)
The meliai resists with significant effort.
The meliai closely misses you. The meliai stings you.
* * * LOW HITPOINT WARNING * * *
The meliai calls down the wrath of its god upon you.
Something smites you!
* * * LOW HITPOINT WARNING * * *
You feel much better.
The meliai calls down the wrath of its god upon you.
Something smites you!
* * * LOW HITPOINT WARNING * * *
The meliai misses you. x2; The meliai completely misses you.
The meliai misses you.
A red film seems to cover your vision as you go berserk!
You feel yourself moving faster!
You feel mighty! The meliai barely misses you. The meliai stings you!
* * * LOW HITPOINT WARNING * * *
The meliai misses you. The meliai completely misses you. x2
The meliai stings you!
* * * LOW HITPOINT WARNING * * *
You are lethally poisoned!
The meliai poisons you!
Unknown command.
You barely miss the meliai.
* * * LOW HITPOINT WARNING * * *
You feel very sick.
The meliai misses you. x2; The meliai closely misses you.
The meliai misses you.
The meliai invokes the aid of its god against you.
Something smites you!
You die...

##..### #..#...
######.... .
#...#...# .. #...#..#
###.# #......###
##...## #..y#....#
#......
#.y.####.#####......
#.y@# #.y..y...K...
##)## ######.yJ...J
###)#### #.....(..
#.....<# #.y<...
#......# #...y..
#......####...#y.<...
#...................?
#......###.####..[...
#......# #......


You could see 3 meliai.

Vanquished Creatures
  A boulder beetle (D:11)
  3 two-headed ogres (D:11)
  A cyclops (D:11)
  A manticore (D:11)
  4 kobold demonologists
  A komodo dragon (D:11)
  2 trolls (D:11)
  Prince Ribbit (D:6)
  3 shadows
  A water elemental (D:11)
  A wraith (D:8)
  2 wyverns (D:8)
  21 yaks
  5 vampire mosquitoes (D:8)
  2 acid dragons
  3 water moccasins
  8 orc warriors
  A black bear (D:5)
  2 ice beasts
  A sky beast (D:7)
  3 ogres
  14 centaurs
  2 phantoms (D:9)
  3 kobold brigands
  2 necrophages
  A scorpion (D:6)
  2 bullfrogs (D:8)
  10 wights
  A troll zombie (D:9)
  3 killer bees (D:8)
  5 electric eels (D:11)
  5 howler monkeys
  A crimson imp (D:11)
  4 orc priests
  Crazy Yiuf (D:2)
  6 hounds
  A jelly (D:5)
  Jessica (D:3)
  14 orc wizards
  Terence (D:3)
  7 iguanas
  Natasha (thrice) (D:5)
  5 ogre zombies (D:9)
  Robin (D:2)
  4 gnolls
  5 adders
  A shadow imp (D:5)
  3 white imps
  2 ufetubi
  2 worms (D:2)
  4 dart slugs
  36 orcs
  4 bats (D:2)
  3 endoplasms (D:1)
  A giant cockroach (D:1)
  17 goblins
  10 hobgoblins
  2 quokkas (D:2)
  5 ball pythons
  6 frilled lizards
  A goblin skeleton (D:9)
  5 goblin zombies (D:9)
  A hobgoblin skeleton (D:9)
  A hobgoblin zombie (D:9)
  25 kobolds
  An orc skeleton (D:9)
  10 orc zombies (D:9)
  5 rats
314 creatures vanquished.

Vanquished Creatures (collateral kills)
  6 orc warriors
  A centaur (Bailey)
  7 wights
  2 orc wizards
  2 gnolls (D:5)
  17 orcs
  A kobold (D:12)
  A rat (D:3)
37 creatures vanquished.

Vanquished Creatures (others)
  A wizard (D:6)
  25 dancing weapons
  An ogre (D:7)
  A centaur (Bailey)
  An orc (Bailey)
  25 fungi (D:7)
  25 plants
79 creatures vanquished.

Grand Total: 430 creatures vanquished

Notes
Turn   | Place    | Note
-------+----------+-------------------------------------------
     0 | D:1      | Casaw the Spriggan Enchanter began the quest for the Orb.
     0 | D:1      | Reached XP level 1. HP: 9/9 MP: 5/5
  1352 | D:1      | Reached XP level 2. HP: 13/13 MP: 7/7
  1359 | D:1      | Learned a level 2 spell: Ensorcelled Hibernation
  2151 | D:2      | Reached XP level 3. HP: 9/16 MP: 9/9
  2319 | D:2      | Noticed Robin
  2382 | D:2      | Killed Robin
  2482 | D:2      | Learned a level 3 spell: Tukima's Dance
  2486 | D:2      | Learned a level 3 spell: Confusing Touch
  3049 | D:2      | Reached XP level 4. HP: 21/21 MP: 6/11
  3104 | D:2      | Learned a level 3 spell: Dazzling Flash
  3132 | D:2      | Reached skill level 5 in Hexes
  3238 | D:2      | Found a runed translucent door.
  3239 | D:2      | Noticed Crazy Yiuf
  3251 | D:2      | Killed Crazy Yiuf
  3560 | D:2      | Reached XP level 5. HP: 22/24 MP: 13/13
  4057 | D:3      | Noticed Natasha
  4146 | D:3      | Noticed Jessica
  4154 | D:3      | Killed Jessica
  4155 | D:3      | Reached skill level 5 in Spellcasting
  4453 | D:3      | Noticed Terence
  4467 | D:3      | Killed Terence
  4468 | D:3      | Reached skill level 5 in Stealth
  5206 | D:4      | Noticed an ogre
  5279 | D:4      | Killed an ogre
  5280 | D:4      | Reached XP level 6. HP: 22/28 MP: 2/15
  5478 | D:4      | Found a white marble altar of Elyvilon.
  5587 | D:4      | Reached skill level 6 in Stealth
  5860 | D:5      | Entered Level 5 of the Dungeon
  6105 | D:5      | Found a burning altar of Makhleb.
  6285 | D:5      | Reached XP level 7. HP: 32/32 MP: 17/17
  6444 | D:5      | Reached skill level 7 in Stealth
  6464 | D:5      | Killed Natasha
  6558 | D:5      | Noticed Natasha
  6570 | D:5      | Killed Natasha
  6669 | D:5      | Noticed Natasha
  6676 | D:5      | Killed Natasha
  6796 | D:5      | Reached skill level 8 in Stealth
  6870 | D:5      | Reached XP level 8. HP: 33/36 MP: 17/20
  7226 | D:6      | Noticed Prince Ribbit
  7360 | D:6      | Reached skill level 9 in Stealth
  7642 | D:6      | Killed Prince Ribbit
  8052 | D:6      | Reached skill level 10 in Stealth
  8653 | D:6      | Found a bloodstained altar of Trog.
  8656 | D:6      | Noticed a wizard
  8664 | D:6      | Killed a wizard
  8912 | D:7      | Found a hazy altar of Hepliaklqana.
  8987 | D:7      | Found a flagged portal.
  9013 | Bailey   | Entered a bailey
  9175 | Bailey   | Reached XP level 9. HP: 23/39 MP: 22/22
  9894 | Bailey   | Reached skill level 1 in Fighting
 10281 | Bailey   | Reached skill level 11 in Stealth
 12493 | Bailey   | Reached skill level 10 in Hexes
 12838 | Bailey   | Got the Vellum of Conjury and the Boulder
 12993 | D:7      | Reached skill level 5 in Dodging
 13194 | D:7      | Found an ancient bone altar of Kikubaaqudgha.
 13213 | D:7      | Reached XP level 10. HP: 47/47 MP: 24/24
 13477 | D:7      | Reached skill level 10 in Spellcasting
 13484 | D:7      | Found an opulent altar of Gozag.
 13499 | D:7      | Found a staircase to the Ecumenical Temple.
 13514 | Temple   | Entered the Ecumenical Temple
 13829 | D:8      | Reached skill level 12 in Stealth
 14446 | D:8      | Reached skill level 5 in Short Blades
 15130 | D:8      | Found a glowing golden altar of the Shining One.
 15251 | D:9      | Found an ornate altar of the Wu Jian Council.
 15251 | D:9      | Found a glowing silver altar of Zin.
 15691 | D:9      | Found Etierch's Superior Scales.
 15700 | D:9      | Reached skill level 13 in Stealth
 15700 | D:9      | Reached XP level 11. HP: 15/53 MP: 26/26
 16434 | D:9      | Found a shimmering blue altar of Sif Muna.
 16661 | D:9      | Found a staircase to the Orcish Mines.
 17272 | D:9      | Found a broken altar of Ashenzari.
 17423 | D:10     | Entered Level 10 of the Dungeon
 17692 | D:10     | Found a shadowy altar of Dithmenos.
 17695 | D:10     | Became a worshipper of Dithmenos the Shadowed
 18228 | D:11     | Found a staircase to the Lair.
 18426 | D:11     | Noticed a two-headed ogre
 18438 | D:11     | Killed a two-headed ogre
 18439 | D:11     | Reached skill level 5 in Fighting
 18491 | D:11     | Reached skill level 14 in Stealth
 18497 | D:11     | Reached * piety under Dithmenos
 19780 | D:11     | Learned a level 3 spell: Summon Guardian Golem
 19783 | D:11     | Learned a level 2 spell: Blink
 19792 | D:11     | Noticed a two-headed ogre
 19795 | D:11     | Killed a two-headed ogre
 19803 | D:11     | Noticed a boulder beetle
 19807 | D:11     | Killed a boulder beetle
 19808 | D:11     | Reached XP level 12. HP: 60/60 MP: 28/28
 20859 | D:12     | Noticed a two-headed ogre
 20868 | D:11     | Killed a two-headed ogre
 21094 | D:12     | Killed from afar by a meliai

Illustrated notes

Levels and vault maps discovered:
D:1:      elethiomel_arrival_quiet, layout_rooms, nicolae_titane
D:2:      layout_loops_cross, serial_forest, infiniplex_forest_clump_tiny,
          infiniplex_forest_end_3, infiniplex_forest_clump_long,
          infiniplex_forest_clump_curved, infiniplex_forest_split,
          infiniplex_forest_clump_tiny, uniq_crazy_yiuf_cottage, uniq_robin
D:3:      layout_basic, uniq_terence, uniq_jessica, uniq_natasha
D:4:      nicolae_cairo_tiling_very_big, layout_loops_cross,
          mainiacjoe_overflow_surrounded_room
D:5:      layout_basic, lightli_temple_of_fire, minivault_1
D:6:      layout_layer_cave, trog_wizard, uniq_prince_ribbit1
D:7:      layout_rooms, mainiacjoe_overflow_cross_hatched,
          mainiacjoe_overflow_alcove_1, lemuel_round_altar,
          minmay_temple_entry_gardened_gates, enter_bailey_5
D:8:      layout_loops_corners, tso_altar, grunt_potential
D:9:      layout_layer_cave, kennysheep_orc_sif_temple, kennysheep_little_box,
          gammafunk_temple_overflow_statue, zombieorc1_lemuel,
          hellmonk_scale_shop
D:10:     layout_basic, grunt_dithmenos_smoke_and_mirrors, grunt_ministairs_11
D:11:     layout_basic, david_lair_shrubbed, minmay_fire_ice_demons
D:12:     layout_rooms, serial_rivers, chequers_serial_rivers_micro_b,
          chequers_serial_rivers_micro_e, chequers_serial_rivers_small_b,
          chequers_serial_rivers_micro_a, chequers_serial_rivers_micro_c
Temple:   hellmonk_temple_beads

Skill      XL: |  1  2  3  4  5  6  7  8  9 10 11 12 |
---------------+-------------------------------------+-----
Spellcasting   | 3 4 5 6 7 8 9 10 11 | 11.9
Hexes          | 4 5 6 7 9 10 11 12 | 12.1
Stealth        | 5 6 8 10 11 13 14 | 14.5
Dodging        | 5 7 8 9 |  9.1
Fighting       | 2 4 5 |  5.4
Short Blades   | 3 5 7 |  7.5

Action                   |  1- 3 |  4- 6 |  7- 9 | 10-12 || total
-------------------------+-------+-------+-------+-------++-------
Melee: Dagger            |   120 |   263 |   187 |   383 ||   953
       Punch             |     1 |     5 |     7 |     5 ||    18
       Spear             |       |       |    20 |       ||    20
 Cast: Ensorcelled Hiber |    17 |    23 |    51 |    89 ||   180
       Confusing Touch   |     1 |     5 |    10 |    21 ||    37
       Tukima's Dance    |       |    16 |    66 |    22 ||   104
       Dazzling Flash    |       |       |     3 |       ||     3
Evoke: Wand              |       |       |     5 |     8 ||    13
  Use: Scroll            |     2 |     7 |     2 |    12 ||    23
       Potion            |       |       |     6 |     9 ||    15
 Stab: Sleeping          |    22 |    17 |    33 |    68 ||   140
       Confused          |     1 |     6 |     7 |    12 ||    26
       Distracted        |     1 |       |     2 |     1 ||     4
       Invisible         |       |       |     1 |     1 ||     2
       Paralysed         |       |       |       |     2 ||     2
Armor: Robe              |    12 |    12 |    35 |    34 ||    93
Dodge: Dodged            |    78 |    80 |   259 |   305 ||   722

Table legend: (Time is in decaauts)
 A = Elapsed time spent in this place.
 B = Non-inter-level travel time spent in this place.
 C = Inter-level travel time spent in this place.
 D = Time resting spent in this place.
 E = Time spent auto-exploring this place.
 F = Levels seen in this place.
 G = Mean time per level.
                   A        B        C        D        E       F      G
               +--------+--------+--------+--------+--------+-----+--------+
         Total |  16936 |  16652 |    284 |   4404 |   9349 |  14 | 1209.7 |
       Dungeon |  13255 |  13014 |    241 |   2036 |   8738 |  12 | 1104.6 |
        Temple |    100 |     57 |     43 |      0 |     49 |   1 |  100.0 |
        Bailey |   3580 |   3580 |      0 |   2367 |    561 |   1 | 3580.0 |
               +--------+--------+--------+--------+--------+-----+--------+

Top non-repeatable levels by time:
  Bailey: 3580 daAuts
    D:11: 2255 daAuts
     D:2: 2022 daAuts
     D:9: 1636 daAuts
     D:6: 1224 daAuts
     D:1: 1211 daAuts
     D:8: 1074 daAuts
     D:5: 1051 daAuts
     D:4: 758 daAuts
     D:3: 732 daAuts
     D:7: 604 daAuts
    D:10: 518 daAuts
    D:12: 165 daAuts
  Temple: 100 daAuts
